 Dungeon Sprint DCSS version 0.27-a0-1154-gfdeffcb720 (webtiles) character file.

Game seed: 10207979044293139853

2 rocky1 the Shield-Bearer (level 1, 0/18 HPs)
             Began as a Formicid Fighter on May 15, 2021.
             Was an Initiate of Cheibriados.
             Slain by an adder (3 damage)
             ... in the Dungeon (Sprint VII: "The Pits").
             The game lasted 00:02:28 (135 turns).

rocky1 the Shield-Bearer (Formicid Fighter)          Turns: 135, Time: 00:02:28

Health: 0/18       AC:  6    Str: 21    XL:     1   Next: 33%
Magic:  1/1        EV:  8    Int:  8    God:    Cheibriados [......]
Gold:   0          SH:  9    Dex: 11    Spells: 0/0 levels left

rFire    . . .     SeeInvis +   a - +0 long sword
rCold    . . .     Faith    .   c - +0 kite shield
rNeg     . . .     Spirit   .   b - +0 scale mail
rPois    .         Reflect  .   (helmet unavailable)
rElec    .         Harm     .   (no cloak)
rCorr    .         Rampage  .   (no gloves)
Will     .....                  (no boots)
Stlth    ..........             (no amulet)
HPRegen  0.06/turn              (no ring)
MPRegen  0.07/turn              (no ring)

@: lethally poisoned (0 -> -1), very slow
A: permanent stasis, dig shafts and tunnels, antennae 3, four strong arms
a: Dig, Renounce Religion, Bend Time


You were in the Dungeon.
You worshipped Cheibriados.
Cheibriados was noncommittal.
You visited 1 branch

Inventory:

Hand Weapons
 a - a +0 long sword (weapon)
Armour
 b - a +0 scale mail (worn)
 c - a +0 kite shield (worn)
Scrolls
 i - 5 scrolls of amnesia
 j - a scroll of summoning
Potions
 d - a potion of might
 e - a potion of curing
 f - a potion of heal wounds
 g - 4 potions of magic
 h - 2 potions of invisibility


   Skills:
 - Level 3.2 Fighting
 + Level 2.6 Long Blades
 - Level 3.2 Armour
 + Level 4.2 Shields


You couldn't memorise any spells.
You didn't know any spells.
Your spell library was empty.

Dungeon Overview and Level Annotations

Branches:
Dungeon (1/1)

Altars:
Ashenzari
Cheibriados
Dithmenos
Elyvilon
Fedhas
Gozag
Hepliaklqana
Kikubaaqudgha
Makhleb
Nemelex Xobeh
Okawaru
Qazlal
Ru
Sif Muna
Trog
Uskayaw
Vehumet
Wu Jian
Xom
Yredelemnul
Zin
The Shining One
Beogh
Jiyva
Lugonu


Innate Abilities, Weirdness & Mutations

You cannot be hasted, slowed, berserked, paralysed or teleported.
You can dig through walls and to a lower floor.
You have a pair of large antennae on your head. (SInv)
Your four strong arms can wield two-handed weapons with a shield.


Message History

Cheibriados appreciates the change of pace.
Your Shields skill increases to level 4!
An adder comes into view.
There is an open door here.
The adder bites you but does no damage.
You hit the adder.
The adder is lightly wounded.
The adder bites you but does no damage. You block the adder's attack.
You closely miss the adder.
The adder is lightly wounded.
The adder bites you but does no damage. x2
Your shield prevents you from hitting the adder.
The adder is lightly wounded.
You block the adder's attack. The adder barely misses you.
You closely miss the adder.
The adder is lightly wounded.
The adder bites you but does no damage. You block the adder's attack.
You completely miss the adder.
The adder is lightly wounded.
The adder bites you.
You are poisoned.
The adder poisons you! The adder closely misses you.
You closely miss the adder.
The adder is lightly wounded.
You feel very sick. The adder bites you.
You closely miss the adder.
The adder is lightly wounded.
You feel sick. The adder bites you but does no damage.
You block the adder's attack.
Your shield and scale mail prevent you from hitting the adder.
The adder is lightly wounded.
You feel sick. The adder bites you.
* * * LOW HITPOINT WARNING * * *
The adder bites you.
* * * LOW HITPOINT WARNING * * *
You hit the adder.
The adder is heavily wounded.
You feel sick. You block the adder's attack. The adder bites you.
You die...

#_________.#
#_________.#
#_______...###########++
##########'##...........
#.?(!')))'.##......#..#.
##########.##...........
#..........†'...........
#+#####'#####......#..#.
#.@S..##...........
#####+#####'#####++ {
#.......# { #.......#
#.......# { #...<...# {
#.......# { #.......#
#.......#


You could see an adder.

Vanquished Creatures
  A ball python (D)
  A frilled lizard (D)
2 creatures vanquished.

Notes
Turn   | Place    | Note
-------+----------+-------------------------------------------
     0 | D        | rocky1 the Formicid Fighter began the quest for the Orb.
     0 | D        | Reached XP level 1. HP: 18/18 MP: 1/1
    44 | D        | Found a bloodstained altar of Trog.
    44 | D        | Found a shimmering blue altar of Sif Muna.
    44 | D        | Found a viscous altar of Jiyva.
    44 | D        | Found a hazy altar of Hepliaklqana.
    44 | D        | Found an opulent altar of Gozag.
    45 | D        | Found a glowing golden altar of the Shining One.
    45 | D        | Found a glowing silver altar of Zin.
    45 | D        | Found a basalt altar of Yredelemnul.
    45 | D        | Found a shimmering altar of Xom.
    45 | D        | Found an ornate altar of the Wu Jian Council.
    45 | D        | Found a sacrificial altar of Ru.
    45 | D        | Found a stormy altar of Qazlal.
    45 | D        | Found an iron altar of Okawaru.
    45 | D        | Found a sparkling altar of Nemelex Xobeh.
    45 | D        | Found a burning altar of Makhleb.
    45 | D        | Found a blossoming altar of Fedhas.
    45 | D        | Found a white marble altar of Elyvilon.
    45 | D        | Found a shadowy altar of Dithmenos.
    45 | D        | Found a snail-covered altar of Cheibriados.
    47 | D        | Found a radiant altar of Vehumet.
    47 | D        | Found a corrupted altar of Lugonu.
    48 | D        | Found a hide-covered altar of Uskayaw.
    48 | D        | Found an ancient bone altar of Kikubaaqudgha.
    48 | D        | Found a broken altar of Ashenzari.
   104 | D        | Became a worshipper of Cheibriados the Contemplative
   125 | D        | Reached skill level 4 in Shields
   135 | D        | Slain by an adder

Illustrated notes

Levels and vault maps discovered:
D:        pitsprint [storerooms_1, entrance_room_1, metal_vault_6, armoury_2,
          mini_pit_1, grid_room_1, main_hall_1, silver_pit, the_coven_3,
          the_vestibule_1, steel_vault_2, golden_pit, hallway_of_sentries,
          crystal_vault_6, iron_vault_1, final_vault]

Skill      XL: |  1 |
---------------+----+-----
Shields        | 4 |  4.2
Fighting       | |  3.2
Long Blades    | |  2.6
Armour         | |  3.2

Action                   || total
-------------------------++-------
Melee: Long sword        ||    11
Armor: Scale mail        ||     6
Dodge: Dodged            ||     2
Block: Kite shield       ||     6

Table legend: (Time is in decaauts)
 A = Elapsed time spent in this place.
 B = Non-inter-level travel time spent in this place.
 C = Inter-level travel time spent in this place.
 D = Time resting spent in this place.
 E = Time spent auto-exploring this place.
 F = Levels seen in this place.
 G = Mean time per level.
                   A        B        C        D        E       F      G
               +--------+--------+--------+--------+--------+-----+--------+
         Total |    144 |    144 |      0 |      0 |      0 |   1 |  144.0 |
       Dungeon |    144 |    144 |      0 |      0 |      0 |   1 |  144.0 |
               +--------+--------+--------+--------+--------+-----+--------+

Top non-repeatable levels by time:
       D: 144 daAuts
